General information
			
			
        
        - name: grudge
 
        - type: Custom game
 
        - host: b0lt
 
        - saver: b0lt
 
        
map: EchoIsles 
        - players: 3
 
        - length: 15:08
 
        - speed: Fast
 - version: 1.22 W3XP
 - replay type:  Public
 
» download(58 KB)
Players
        team 1 (winner) 
              
              
b0lt (
red | 132 APM | 2006 actions | 15:08)
              
 3 Demon Hunter 
 2 Mana Burn
 1 Evasion
 3 Goblin Tinker 
 2 Pocket Factory
 1 Engineering Upgrade
 
                » actions 
                
                | Assign group hotkey | 71 |  | 
| Basic commands | 3 |  | 
| Build / train | 48 |  | 
| ESC pressed | 5 |  | 
| Enter build submenu | 17 |  | 
| Enter hero's abilities submenu | 6 |  | 
| Give item / drop item | 1 |  | 
| Right click | 1199 |  | 
| Select / deselect | 299 |  | 
| Select group hotkey | 280 |  | 
| Use ability | 77 |  | 
                2006 total
 » units 
                
                | Wisp | 9 |  | 
| Archer | 5 |  | 
| Druid of the Talon | 15 |  | 
                29 total
 » upgrades
                
                | Druid of the Talon Training | 2 |  | 
| Mark of the Talon | 1 |  | 
                3 total
 » buildings
                
                | Altar of Elders | 2 |  | 
| Moon Well | 5 |  | 
| Ancient of War | 2 |  | 
| Tree of Ages | 1 |  | 
| Ancient of Wind | 2 |  | 
| Tree of Eternity | 1 |  | 
| Ancient of Wonders | 1 |  | 
                14 total
 » build order
                00:05 Altar of Elders
00:10 Altar of Elders
00:16 Moon Well
00:43 Ancient of War
00:44 Ancient of War
01:35 Moon Well
02:58 Tree of Ages
03:19 Moon Well
05:22 Ancient of Wind
05:24 Ancient of Wind
06:30 Tree of Eternity
07:09 Ancient of Wonders
09:02 Moon Well
09:05 Moon Well
» items
                
                | Staff of Preservation | 1 |  | 
| Orb of Venom | 1 |  | 
| Circlet of Nobility | 1 |  | 
| Scroll of Town Portal | 1 |  | 
| Potion of Healing | 2 |  | 
                6 total
  
               team 2 (loser) 
              
              
3DGAYWORLD (
blue | 80 APM | 1211 actions | 15:07)
              
 5 Blademaster 
 2 Wind Walk
 3 Critical Strike
 1 Shadow Hunter 
 1 Healing Wave
 
                » actions 
                
                | Basic commands | 46 |  | 
| Build / train | 56 |  | 
| Enter build submenu | 22 |  | 
| Enter hero's abilities submenu | 6 |  | 
| Give item / drop item | 1 |  | 
| Remove unit from queue | 2 |  | 
| Right click | 633 |  | 
| Select / deselect | 370 |  | 
| Use ability | 75 |  | 
                1211 total
 » units 
                » upgrades
                
                | Armor | 1 |  | 
| Berserker Strength | 1 |  | 
| Pillage | 1 |  | 
| Melee Weapons | 1 |  | 
| Ensnare | 1 |  | 
                5 total
 » buildings
                
                | Orc Burrow | 5 |  | 
| Altar of Storms | 1 |  | 
| Voodoo Lounge | 1 |  | 
| Barracks | 1 |  | 
| War Mill | 1 |  | 
| Stronghold | 4 |  | 
| Beastiary | 1 |  | 
| Fortress | 1 |  | 
| Great Hall | 2 |  | 
| Watch Tower | 6 |  | 
                23 total
 » build order
                00:05 Orc Burrow
00:07 Altar of Storms
00:54 Voodoo Lounge
01:02 Orc Burrow
01:42 Barracks
03:09 War Mill
04:28 Stronghold
04:28 Stronghold
04:28 Stronghold
05:49 Orc Burrow
06:51 Orc Burrow
06:56 Beastiary
07:57 Orc Burrow
09:27 Fortress
09:32 Great Hall
09:34 Watch Tower
09:36 Watch Tower
09:39 Great Hall
10:56 Watch Tower
11:10 Watch Tower
12:22 Watch Tower
12:24 Watch Tower
» items
                
                | Lesser Clarity Potion | 5 |  | 
| Scroll of Speed | 1 |  | 
| Healing Salve | 3 |  | 
| Claws of Attack +6 | 1 |  | 
                10 total
  
               refereesGoonswithspoons Chat log
          
(10:29 / All) 3DGAYWORLD: >:|
(10:36 / All) 3DGAYWORLD: CUNT
(11:48 / All) 3DGAYWORLD: fark
(13:25 / All) 3DGAYWORLD: ffs